 Dungeon Crawl Stone Soup version 0.23-a0-307-gc3b755d021 (webtiles) character file.

10297 PikkenKukken the Cleaver (level 11, -1/84 HPs)
             Began as a Demonspawn Fighter on Oct 10, 2018.
             Was an Elder of Makhleb.
             Killed by divine providence
             ... invoked by an orc priest
              (16 damage)
             ... on level 9 of the Dungeon.
             The game lasted 00:15:21 (9469 turns).

PikkenKukken the Cleaver (Demonspawn Fighter)       Turns: 9469, Time: 00:15:22

Health: -1/84      AC: 11    Str: 23    XL:     11   Next: 34%
Magic:  17/17      EV:  9    Int:  9    God:    Makhleb [****..]
Gold:   504        SH: 12    Dex: 13    Spells: 10/10 levels left

rFire    . . .     SeeInvis .   a - +1 war axe
rCold    . . .     Gourm    .   c - +1 shield
rNeg     . . .     Faith    .   b - +0 chain mail {rPois}
rPois    +         Spirit   .   (helmet restricted)
rElec    +         Reflect  .   A - +0 cloak
rCorr    .         Harm     .   (no gloves)
MR       .....                  (no boots)
Stlth    ..........             (no amulet)
HPRegen  0.24/turn              i - +5 ring of strength
MPRegen  0.15/turn              x - ring of Satyriasis {Wiz +Blink rElec rPois Str-2}

@: no status effects
A: claws 2, horns 2, talons 1, spiny 2, rot immunity
a: Minor Destruction, Lesser Servant of Makhleb, Major Destruction, Renounce
Religion, Evoke Blink


You were on level 9 of the Dungeon.
You worshipped Makhleb.
Makhleb was greatly pleased with you.
You were not hungry.

You visited 1 branch of the dungeon, and saw 9 of its levels.

You collected 504 gold pieces.

Inventory:

Hand Weapons
 a - a +1 war axe (weapon)
Armour
 b - a +0 chain mail of poison resistance (worn)
 c - a +1 shield (worn)
 h - a +2 scale mail of cold resistance
 A - a +0 cloak (worn)
Jewellery
 i - a +5 ring of strength (left claw)
 r - an uncursed ring of magical power
 x - the ring of Satyriasis (right claw) {Wiz +Blink rElec rPois Str-2}
   (You found it on level 9 of the Dungeon)

   [ring of wizardry]

   It improves your spell success rate.
   It affects your strength (-2).
   It insulates you from electricity.
   It protects you from poison.
   It lets you blink.
 z - an uncursed ring of attention
Wands
 y - a wand of polymorph (17)
 C - a wand of acid (13)
Scrolls
 g - 2 scrolls of noise
 l - 2 scrolls of magic mapping
 u - 3 scrolls of enchant armour
 v - 3 scrolls of teleportation
 w - 6 scrolls of identify
 D - a scroll of remove curse
 E - a scroll of enchant weapon
 F - a scroll of amnesia
Potions
 d - 2 potions of might
 e - 3 potions of agility
 j - 3 potions of flight
 k - a potion of berserk rage {unknown}
 m - 2 potions of curing
 n - a potion of lignification {unknown}
 o - a potion of magic {unknown}
 p - a potion of mutation {unknown}
 q - a potion of heal wounds
 s - 4 potions of ambrosia
 t - 2 potions of haste
 G - a potion of cancellation {unknown}
Comestibles
 f - 16 rations


   Skills:
 + Level 7.5 Fighting
 * Level 9.2 Axes
 + Level 6.8 Armour
 + Level 6.1 Dodging
 + Level 6.8 Shields
 + Level 8.5 Invocations


You had 10 spell levels left.
You didn't know any spells.
Your spell library contained the following spells:

 Spells                   Type           Power        Failure   Level  Hunger
 Animate Skeleton         Necr           N/A          95%         1    ##.....
 Apportation              Tloc           #.....       95%         1    ##.....
 Confusing Touch          Hex            #.....       95%         1    ##.....
 Magic Dart               Conj           #...         95%         1    ##.....
 Summon Small Mammal      Summ           #...         95%         1    ##.....
 Blink                    Tloc           N/A          98%         2    ###....
 Call Imp                 Summ           #.......     98%         2    ###....
 Slow                     Hex            #.......     98%         2    ###....
 Conjure Flame            Conj/Fire      #.......     100%        3    ####...
 Mephitic Cloud           Conj/Pois/Air  #.......     100%        3    ####...


Dungeon Overview and Level Annotations

Branches:
Dungeon (9/15)             Temple (0/1) D:5
   Lair: D:8-11         Orc: D:9-12

Altars:
Ashenzari
Dithmenos
Gozag
Kikubaaqudgha
Makhleb
Nemelex Xobeh
Okawaru
Trog
Vehumet
Wu Jian
Yredelemnul

Shops:
D:8 (


Innate Abilities, Weirdness & Mutations

You have very sharp fingernails.
You have a pair of horns on your head.
You have sharp toenails.
You are mostly covered in sharp spines.
You are immune to rotting.


Message History

You claw the orc warrior, but do no damage.
You headbutt the orc warrior.
The orc warrior is severely wounded.
You block the orc warrior's attack.
You barely miss the orc warrior. You headbutt the orc warrior.
The orc warrior is severely wounded.
The orc priest invokes the aid of Beogh against you.
Beogh smites you!
* * * LOW HITPOINT WARNING * * *
The orc warrior hits you with a halberd.
* * * LOW HITPOINT WARNING * * *
The orc priest miscasts a cantrip.
You see here an orc corpse.
The orc priest calls upon Beogh to heal the orc warrior.
The orc warrior is healed somewhat.
The orc priest looks satisfied for a moment.
There is an open door here.
The orc priest calls down the wrath of Beogh upon you.
Beogh smites you!
You die...

# #....))...# # #####)#####
# #)(# # #####'#### . #
###........# ..
#######.'........# ...
.....#..#...<....# ....
.....#.##..(.....# .....
)....+.##.......@####...[..
.....####........'†oZoo....
.....# #........####o.....
.....# #........# #####
###### ##########


You could see an orc warrior, 2 orc priests, an orc and a worker ant zombie.

Vanquished Creatures
  Erica (D:8)
  3 two-headed ogres
  Pikel (D:8)
  A manticore (D:8)
  A queen bee (D:8)
  3 trolls (D:9)
  A hippogriff (D:8)
  A wyvern (D:9)
  A steam dragon (D:8)
  4 swamp worms (D:9)
  2 orc warriors (D:7)
  A black bear (D:7)
  An eye of draining (D:9)
  3 phantoms
  9 ogres
  5 centaurs
  5 big kobolds
  4 bullfrogs
  A water moccasin zombie (D:9)
  2 jellies
  14 killer bees (D:8)
  6 crimson imps
  A howler monkey (D:6)
  2 bullfrog zombies (D:9)
  6 hounds
  A centaur zombie (D:6)
  Crazy Yiuf (D:5)
  6 orc priests
  3 orc wizards
  2 bullfrog skeletons
  3 gnoll shamans (D:7)
  4 iguanas
  7 worker ants
  2 hound skeletons
  Robin (D:2)
  4 worker ant zombies
  11 gnolls
  12 adders
  2 shadow imps
  An adder zombie (D:7)
  4 adder skeletons
  5 worms
  A dart slug (D:1)
  3 leopard geckos
  19 orcs
  9 bats
  8 giant cockroaches
  16 goblins
  9 hobgoblins
  13 jackals
  17 kobolds
  4 quokkas
  2 ball pythons
  2 frilled lizards
  2 leopard gecko skeletons
  A leopard gecko zombie (D:7)
  A quokka skeleton (D:5)
  6 rats
261 creatures vanquished.

Vanquished Creatures (collateral kills)
  A kobold demonologist (D:9)
  3 swamp worms (D:9)
  A crimson imp (D:9)
  2 plants (D:9)
7 creatures vanquished.

Vanquished Creatures (others)
  4 slaves (D:8)
  A centaur (D:8)
  A bullfrog (D:8)
  2 killer bees (D:8)
  A bullfrog zombie (D:8)
  A worker ant (D:8)
  An orc (D:8)
  5 fungi (D:7)
  5 plants
21 creatures vanquished.

Grand Total: 289 creatures vanquished

Notes
Turn   | Place    | Note
-------+----------+-------------------------------------------
     0 | D:1      | PikkenKukken the Demonspawn Fighter began the quest for the
                  | Orb.
     0 | D:1      | Reached XP level 1. HP: 18/18 MP: 1/1
    67 | D:1      | Reached skill level 2 in Axes
   107 | D:1      | Gained mutation: You have sharp fingernails. [demonic
                  | ancestry]
   107 | D:1      | Reached XP level 2. HP: 24/24 MP: 2/2
   726 | D:2      | Noticed Robin
   733 | D:2      | Gained mutation: You have very sharp fingernails. [demonic
                  | ancestry]
   733 | D:2      | Reached XP level 3. HP: 23/29 MP: 3/3
   747 | D:2      | Killed Robin
  1056 | D:2      | Reached skill level 1 in Dodging
  1360 | D:3      | Gained mutation: You are partially covered in sharp spines.
                  | [demonic ancestry]
  1360 | D:3      | Reached XP level 4. HP: 35/35 MP: 4/4
  1635 | D:3      | Reached skill level 3 in Axes
  1649 | D:3      | Found an iron altar of Okawaru.
  1649 | D:3      | Found a shattered altar of Ashenzari.
  1651 | D:3      | Found a radiant altar of Vehumet.
  1652 | D:3      | Found a burning altar of Makhleb.
  1652 | D:3      | Found a sparkling altar of Nemelex Xobeh.
  1778 | D:3      | Became a worshipper of Makhleb the Destroyer
  1856 | D:3      | Reached XP level 5. HP: 39/41 MP: 5/5
  2025 | D:3      | Found a sparkling altar of Nemelex Xobeh.
  2117 | D:4      | Found an ornate altar of the Wu Jian Council.
  2415 | D:4      | Reached skill level 1 in Invocations
  2483 | D:4      | Found a bloodstained altar of Trog.
  2484 | D:4      | Found a shadowy altar of Dithmenos.
  2484 | D:4      | Found an ancient bone altar of Kikubaaqudgha.
  2484 | D:4      | Found a basalt altar of Yredelemnul.
  2633 | D:4      | Gained mutation: You are mostly covered in sharp spines.
                  | [demonic ancestry]
  2633 | D:4      | Reached XP level 6. HP: 44/48 MP: 6/6
  2762 | D:5      | Entered Level 5 of the Dungeon
  2819 | D:5      | Reached * piety under Makhleb
  2828 | D:5      | Found a shadowy altar of Dithmenos.
  2901 | D:5      | Reached skill level 4 in Axes
  2906 | D:5      | Gained mutation: You have a pair of small horns on your
                  | head. [demonic ancestry]
  2906 | D:5      | Reached XP level 7. HP: 15/54 MP: 8/8
  3295 | D:5      | Found a runed door.
  3330 | D:5      | Found a staircase to the Ecumenical Temple.
  3737 | D:5      | Noticed Crazy Yiuf
  3740 | D:5      | Paralysed by Crazy Yiuf for 2 turns
  3742 | D:5      | Killed Crazy Yiuf
  4195 | D:6      | Noticed a two-headed ogre
  4490 | D:6      | Found a basalt altar of Yredelemnul.
  4855 | D:6      | Gained mutation: You have sharp toenails. [demonic
                  | ancestry]
  4855 | D:6      | Reached XP level 8. HP: 48/61 MP: 10/10
  5051 | D:6      | Killed a two-headed ogre
  5051 | D:6      | Reached skill level 5 in Fighting
  5051 | D:6      | Reached skill level 5 in Axes
  5320 | D:6      | Found an opulent altar of Gozag.
  5564 | D:7      | Reached skill level 6 in Axes
  5674 | D:7      | Reached skill level 5 in Invocations
  5769 | D:7      | Reached XP level 9. HP: 68/68 MP: 12/12
  5818 | D:7      | Reached ** piety under Makhleb
  5915 | D:7      | Reached skill level 5 in Armour
  6076 | D:7      | Reached skill level 5 in Shields
  6757 | D:7      | Reached *** piety under Makhleb
  6757 | D:7      | Reached skill level 7 in Axes
  6947 | D:8      | Noticed Pikel
  6957 | D:8      | Killed Pikel
  6982 | D:8      | Noticed a two-headed ogre
  6989 | D:8      | Killed a two-headed ogre
  6989 | D:8      | Gained mutation: You have a pair of horns on your head.
                  | [demonic ancestry]
  6989 | D:8      | Reached XP level 10. HP: 54/77 MP: 15/15
  7120 | D:8      | Noticed a two-headed ogre
  7128 | D:8      | Killed a two-headed ogre
  7128 | D:8      | Reached skill level 5 in Dodging
  7278 | D:8      | Found Tejydo's Antique Weapon Emporium.
  7288 | D:8      | Reached skill level 8 in Axes
  7632 | D:8      | Noticed a manticore
  7647 | D:8      | Killed a manticore
  7797 | D:8      | Noticed Erica
  7823 | D:8      | Killed Erica
  8053 | D:8      | Reached **** piety under Makhleb
  8053 | D:8      | Gained mutation: You are immune to rotting. [demonic
                  | ancestry]
  8053 | D:8      | Reached XP level 11. HP: 84/84 MP: 17/17
  8598 | D:9      | Reached skill level 9 in Axes
  9394 | D:9      | Got a bound pewter ring
  9396 | D:9      | Identified the ring of Satyriasis {Wiz +Blink rElec rPois
                  | Str-2} (You found it on level 9 of the Dungeon)
  9469 | D:9      | Killed from afar by an orc priest

Vault maps used:
D:1:      lemuel_arrival_funnel
D:2:      kennysheep_path_1, uniq_robin
D:3:      grunt_temple_overflow_open, first_ration,
          nemelex_xobeh_ov_fountains_minmay
D:4:      minitemple
D:5:      temple_hall, nicolae_dithmenos_shadow_blocks, uniq_crazy_yiuf_cottage
D:6:      kennysheep_little_box, basic_altar
D:7:      kennysheep_seaside_town
D:8:      serial_shops, shop_statue, david_nohive_1, uniq_erica, uniq_pikel
D:9:      gammafunk_temple_overflow_elements, worms_lemuel

Skill      XL: |  1  2  3  4  5  6  7  8  9 10 11 |
---------------+----------------------------------+-----
Axes           | 2 3 4 6 7 8 9 |  9.2
Armour         | 3 4 5 6 |  6.8
Shields        | 3 4 5 6 |  6.8
Dodging        | 1 2 3 4 5 6 |  6.1
Invocations    | 1 2 3 5 6 8 |  8.5
Fighting       | 4 5 6 7 |  7.5

Action                   |  1- 3 |  4- 6 |  7- 9 | 10-12 || total
-------------------------+-------+-------+-------+-------++-------
Melee: War axe           |   125 |   143 |   219 |   216 ||   703
       Headbutt          |       |       |    39 |    52 ||    91
       Kick              |       |       |    58 |    81 ||   139
Invok: Lesser Servant of |       |       |       |     2 ||     2
  Use: Scroll            |     7 |     1 |     7 |     4 ||    19
       Potion            |     1 |       |     1 |     3 ||     5
  Eat: Chunk             |     2 |     5 |    13 |     8 ||    28
Armor: Scale mail        |    89 |    53 |    25 |       ||   167
       Chain mail        |       |       |    34 |    79 ||   113
Dodge: Dodged            |    48 |    41 |    64 |   100 ||   253
Block: Shield            |    86 |    97 |   136 |   165 ||   484

Table legend:
 A = Non-vault XP
 B = Vault XP
 C = Vault XP percentage of total XP
 D = Non-vault monster count
 E = Vault monster count
 F = Vault count percentage of total count
                 A         B        C        D         E       F
            +---------+---------+-------+---------+---------+-------
      Total |    9920 |    4790 |  32.6 |     211 |      54 |  20.4
            +---------+---------+-------+---------+---------+-------
        D:1 |      35 |       0 |   0.0 |      19 |       0 |   0.0
        D:2 |      33 |      28 |  45.9 |      13 |      10 |  43.5
        D:3 |     111 |       0 |   0.0 |      25 |       0 |   0.0
        D:4 |     215 |       0 |   0.0 |      14 |       0 |   0.0
        D:5 |     450 |      41 |   8.4 |      25 |       1 |   3.8
        D:6 |    1626 |       0 |   0.0 |      27 |       0 |   0.0
        D:7 |     839 |    1312 |  61.0 |      22 |      22 |  50.0
        D:8 |    4139 |    2523 |  37.9 |      33 |      14 |  29.8
        D:9 |    2472 |     886 |  26.4 |      33 |       7 |  17.5
            +---------+---------+-------+---------+---------+-------
